3AAA
ELLENBURG FIGHTING DACHSUNDS @ PENNSAUKEN FLYERS
08/11/2029
 
TOP OF THE 1ST
Ellenburg Fighting Dachsunds batting - Pitching for Pennsauken Flyers : LHP Arnie Banks
Pitching: LHP Arnie Banks
Batting: RHB Edwin Berns 0-0: SINGLE (Groundball, 6MD)
Batting: LHB Steve Ingram 0-0: Ball
1-0: Ball
2-0: Ball
3-0: Base on Balls
Edwin Berns to second
Batting: RHB Steve Koch 0-0: Ball
1-0: Foul Ball, location: 2F
1-1: Reached on error, E5 (Groundball, 56)
Edwin Berns to third
Steve Ingram to second
Batting: RHB Preston Hernández 0-0: Swinging Strike
0-1: Swinging Strike
0-2: Ball
1-2: Strikes out swinging
Batting: LHB Vicente Castaneda 0-0: Foul Ball, location: 2F
0-1: Ball
1-1: Foul Ball, location: 2F
1-2: Ball
2-2: Ball
3-2: Base on Balls
Edwin Berns scores
Steve Ingram to third
Steve Koch to second
Batting: RHB José Vázquez 0-0: Called Strike
0-1: Foul Ball, location: 2F
0-2: Foul Ball, location: 2F
0-2: Ball
1-2: SINGLE (Line Drive, 78S)
Steve Ingram scores
Steve Koch to third
Vicente Castaneda to second
Runner from 3rd tries for Home, SAFE, no throw
Batting: RHB Gonzalo Sánchez 0-0: Called Strike
0-1: Fly out, F8 (Flyball, 8RXD)
Runner from 2nd tags up, SAFE at 3rd, no throw
Batting: RHB Meka Knight 0-0: Ball
1-0: Foul Ball, location: 2F
1-1: Foul Ball, location: 2F
1-2: Ball
2-2: Strikes out swinging
Top of the 1st over - 3 runs, 2 hits, 1 error, 2 left on base; Ellenburg 3 - Pennsauken 0
BOTTOM OF THE 1ST
Pennsauken Flyers batting - Pitching for Ellenburg Fighting Dachsunds : RHP Brad Cunnick
Pitching: RHP Brad Cunnick
Batting: SHB Nuygen Vuong 0-0: Called Strike
0-1: SINGLE (Groundball, 6MD)
Batting: RHB Enoch Reinhardt 0-0: Called Strike
0-1: Ball
1-1: Called Strike
1-2: Foul Ball, location: 2F
1-2: Ball
2-2: Ball
3-2: Base on Balls
Nuygen Vuong to second
Batting: LHB Vinski Prifti 0-0: Called Strike
0-1: Ball
1-1: Called Strike
1-2: Ball
2-2: Foul Ball, location: 2F
2-2: Foul Ball, location: 2F
2-2: Ball
3-2: Base on Balls
Nuygen Vuong to third
Enoch Reinhardt to second
Batting: LHB Javier Antonio 0-0: Grounds into double play, 3-6-3 (Groundball, 3)
Nuygen Vuong scores
Enoch Reinhardt to third
Batting: RHB Clarence Therrien 0-0: Ball
1-0: Ball
2-0: Ground out 6-3 (Groundball, 6)
Bottom of the 1st over - 1 run, 1 hit, 0 errors, 1 left on base; Ellenburg 3 - Pennsauken 1
TOP OF THE 2ND
Ellenburg Fighting Dachsunds batting - Pitching for Pennsauken Flyers : LHP Arnie Banks
Batting: RHB Marty Jennings 0-0: Foul Ball, location: 2F
0-1: Called Strike
0-2: Foul Ball, location: 2F
0-2: Ground out 6-3 (Groundball, 6)
Batting: RHB Edwin Berns 0-0: Swinging Strike
0-1: Foul Ball, location: 2F
0-2: SINGLE (Groundball, 56D)
Batting: LHB Steve Ingram 0-0: Swinging Strike
0-1: Ball
1-1: Ball
2-1: Foul Ball, location: 2F
2-2: Reached on error, E3 (Groundball, 3L)
Edwin Berns to second
Batting: RHB Steve Koch 0-0: Swinging Strike
0-1: Ball
1-1: Called Strike
1-2: Foul Ball, location: 2F
1-2: Ball
2-2: Foul Ball, location: 2F
2-2: Ball
3-2: Base on Balls
Edwin Berns to third
Steve Ingram to second
Batting: RHB Preston Hernández 0-0: Ball
1-0: Grounds into double play, 6-4-3 (Groundball, 6M)
Top of the 2nd over - 0 runs, 1 hit, 1 error, 2 left on base; Ellenburg 3 - Pennsauken 1
BOTTOM OF THE 2ND
Pennsauken Flyers batting - Pitching for Ellenburg Fighting Dachsunds : RHP Brad Cunnick
Batting: LHB Raúl Godines 0-0: Ball
1-0: Fly out, F8 (Flyball, 8RD)
Batting: RHB Roy McFerran 0-0: Ball
1-0: Fly out, F8 (Line Drive, 8LD)
Batting: RHB Marc Beck 0-0: Ball
1-0: Ball
2-0: Ball
3-0: Base on Balls
Batting: SHB Pedro Ortega 0-0: Ball
Wild Pitch!
Marc Beck to second
1-0: Swinging Strike
1-1: Ball
2-1: SINGLE (Flyball, 8RS)
Marc Beck to third
Runner from 3rd tries for Home, SAFE, no throw
Batting: SHB Nuygen Vuong 0-0: Ball
1-0: Called Strike
1-1: Ball
2-1: Called Strike
2-2: Fly out, F8 (Flyball, 8LM)
Bottom of the 2nd over - 1 run, 1 hit, 0 errors, 1 left on base; Ellenburg 3 - Pennsauken 2
TOP OF THE 3RD
Ellenburg Fighting Dachsunds batting - Pitching for Pennsauken Flyers : LHP Arnie Banks
Batting: LHB Vicente Castaneda 0-0: Foul Ball, location: 2F
0-1: Swinging Strike
0-2: Strikes out looking
Batting: RHB José Vázquez 0-0: Foul Ball, location: 2F
0-1: Ball
1-1: Ball
2-1: Foul Ball, location: 2F
2-2: Ball
3-2: Foul Ball, location: 2F
3-2: Fly out, F7 (Line Drive, 7D)
Batting: RHB Gonzalo Sánchez 0-0: Foul Ball, location: 2F
0-1: Ball
1-1: Ball
2-1: Foul Ball, location: 2F
2-2: Ball
3-2: Base on Balls
Batting: RHB Meka Knight 0-0: Foul Ball, location: 2F
0-1: Ball
1-1: Foul Ball, location: 2F
1-2: Fielders Choice at 2nd, 5-4 (Groundball, 56)
Top of the 3rd over - 0 runs, 0 hits, 0 errors, 1 left on base; Ellenburg 3 - Pennsauken 2
BOTTOM OF THE 3RD
Pennsauken Flyers batting - Pitching for Ellenburg Fighting Dachsunds : RHP Brad Cunnick
Batting: RHB Enoch Reinhardt 0-0: Ball
1-0: Fly out, F8 (Flyball, 8LM)
Batting: LHB Vinski Prifti 0-0: Ground out 4-3 (Groundball, 4)
Batting: LHB Javier Antonio 0-0: Fly out, F8 (Flyball, 8RS)
Bottom of the 3rd over - 0 runs, 0 hits, 0 errors, 0 left on base; Ellenburg 3 - Pennsauken 2
TOP OF THE 4TH
Ellenburg Fighting Dachsunds batting - Pitching for Pennsauken Flyers : LHP Arnie Banks
Batting: RHB Marty Jennings 0-0: Ball
1-0: SOLO HOME RUN (Flyball, 78XD), Distance : 399 ft
Batting: RHB Edwin Berns 0-0: Ball
1-0: Ball
2-0: SINGLE (Line Drive, 89S)
Batting: LHB Steve Ingram 0-0: Ball
1-0: Swinging Strike
1-1: Ball
2-1: Ball
3-1: Base on Balls
Edwin Berns to second
Batting: RHB Steve Koch 0-0: Swinging Strike
0-1: Called Strike
0-2: Ball
1-2: Foul Ball, location: 2F
1-2: Strikes out swinging
Batting: RHB Preston Hernández 0-0: Ball
1-0: Foul Ball, location: 2F
1-1: Foul Ball, location: 2F
1-2: Ball
2-2: Fly out, F9 (Flyball, 9LS)
Batting: LHB Vicente Castaneda 0-0: Swinging Strike
0-1: Foul Ball, location: 2F
0-2: Ball
1-2: Ball
2-2: Fly out, F6 (Line Drive, 6M)
Top of the 4th over - 1 run, 2 hits, 0 errors, 2 left on base; Ellenburg 4 - Pennsauken 2
BOTTOM OF THE 4TH
Pennsauken Flyers batting - Pitching for Ellenburg Fighting Dachsunds : RHP Brad Cunnick
Batting: RHB Clarence Therrien 0-0: Called Strike
0-1: Ball
1-1: SINGLE (Groundball, 34D)
Batting: LHB Raúl Godines 0-0: Called Strike
Clarence Therrien steals 2nd base
0-1: Ball
1-1: Fly out, F7 (Flyball, 7LDF)
Runner from 2nd tags up, SAFE at 3rd, no throw
Batting: RHB Roy McFerran 0-0: Ball
1-0: Foul Ball, location: 2F
1-1: SINGLE (Groundball, 56D)
Clarence Therrien scores
Batting: RHB Marc Beck 0-0: Ball
1-0: Ball
2-0: Ball
Roy McFerran is caught stealing 2nd base
3-0: Called Strike
3-1: Swinging Strike
3-2: Fly out, F8 (Flyball, 89D)
Bottom of the 4th over - 1 run, 2 hits, 0 errors, 0 left on base; Ellenburg 4 - Pennsauken 3
TOP OF THE 5TH
Ellenburg Fighting Dachsunds batting - Pitching for Pennsauken Flyers : LHP Arnie Banks
Batting: RHB José Vázquez 0-0: Ball
1-0: Foul Ball, location: 2F
1-1: Called Strike
1-2: Foul Ball, location: 2F
1-2: Ball
2-2: SINGLE (Groundball, 56D)
Batting: RHB Gonzalo Sánchez 0-0: Ball
1-0: Swinging Strike
1-1: Foul Ball, location: 2F
1-2: Ball
2-2: SINGLE (Groundball, 4MD)
José Vázquez to second
Batting: RHB Meka Knight 0-0: Ball
1-0: Called Strike
1-1: Fly out, F5 (Popup, 25F)
Batting: RHB Marty Jennings 0-0: Ball
1-0: Ball
2-0: Ball
3-0: Base on Balls
José Vázquez to third
Gonzalo Sánchez to second
Pitching: RHP Will O'Slattery
Batting: RHB Edwin Berns 0-0: Swinging Strike
0-1: Ball
1-1: Ball
2-1: Fly out, F4 (Line Drive, 4)
Batting: LHB Steve Ingram 0-0: Ball
1-0: Called Strike
1-1: Ball
2-1: Ball
3-1: Base on Balls
José Vázquez scores
Gonzalo Sánchez to third
Marty Jennings to second
Batting: RHB Steve Koch 0-0: Foul Ball, location: 2F
0-1: Ball
1-1: Foul Ball, location: 2F
1-2: Ball
2-2: Ball
3-2: Ground out 6-3 (Groundball, 6)
Top of the 5th over - 1 run, 2 hits, 0 errors, 3 left on base; Ellenburg 5 - Pennsauken 3
BOTTOM OF THE 5TH
Pennsauken Flyers batting - Pitching for Ellenburg Fighting Dachsunds : RHP Brad Cunnick
Batting: SHB Pedro Ortega 0-0: Called Strike
0-1: Ball
1-1: SINGLE (Line Drive, 4MD)
Batting: SHB Nuygen Vuong 0-0: Ball
Throwing error on steal attempt, E2
Pedro Ortega to third
1-0: Foul Ball, location: 2F
1-1: Ground out 6-3 (Groundball, 6)
Batting: RHB Enoch Reinhardt 0-0: Called Strike
0-1: Swinging Strike
0-2: Strikes out swinging
Batting: LHB Vinski Prifti 0-0: Called Strike
0-1: Ball
1-1: Fly out, F3 (Popup, 34)
Bottom of the 5th over - 0 runs, 1 hit, 1 error, 1 left on base; Ellenburg 5 - Pennsauken 3
TOP OF THE 6TH
Ellenburg Fighting Dachsunds batting - Pitching for Pennsauken Flyers : RHP Will O'Slattery
Batting: RHB Preston Hernández 0-0: Ground out 4-3 (Groundball, 4)
Batting: LHB Vicente Castaneda 0-0: Ball
1-0: Foul Ball, location: 2F
1-1: SINGLE (Groundball, 4MD)
Batting: RHB José Vázquez 0-0: Foul Ball, location: 2F
0-1: Fly out, F1 (Line Drive, 13)
Batting: RHB Gonzalo Sánchez 0-0: Called Strike
0-1: Foul Ball, location: 2F
0-2: SINGLE (Flyball, 7LS)
Vicente Castaneda to second
Batting: RHB Meka Knight 0-0: Called Strike
0-1: Ball
1-1: Fly out, F8 (Flyball, 8LD)
Top of the 6th over - 0 runs, 2 hits, 0 errors, 2 left on base; Ellenburg 5 - Pennsauken 3
BOTTOM OF THE 6TH
Pennsauken Flyers batting - Pitching for Ellenburg Fighting Dachsunds : RHP Brad Cunnick
Batting: LHB Javier Antonio 0-0: Fly out, F8 (Flyball, 8RXD)
Batting: RHB Clarence Therrien 0-0: Called Strike
0-1: Ball
1-1: Foul Ball, location: 2F
1-2: Foul Ball, location: 2F
1-2: Foul Ball, location: 2F
1-2: SINGLE (Line Drive, 34D)
Batting: LHB Raúl Godines 0-0: Ball
1-0: Grounds into double play, 4-6-3 (Groundball, 4)
Bottom of the 6th over - 0 runs, 1 hit, 0 errors, 0 left on base; Ellenburg 5 - Pennsauken 3
TOP OF THE 7TH
Ellenburg Fighting Dachsunds batting - Pitching for Pennsauken Flyers : RHP Will O'Slattery
Batting: RHB Marty Jennings 0-0: SINGLE (Groundball, 6MD)
Batting: RHB Edwin Berns 0-0: Bunted foul
0-1: Bunt missed!
0-2: Strikes out swinging
Batting: LHB Steve Ingram 0-0: Fly out, F9 (Flyball, 9S)
Batting: RHB Steve Koch 0-0: Called Strike
0-1: Swinging Strike
0-2: Ball
1-2: Ball
2-2: SINGLE (Line Drive, 6MD)
Marty Jennings to second
Runner from 2nd tries for 3rd, SAFE, no throw
Batting: RHB Preston Hernández 0-0: Called Strike
0-1: SINGLE (Line Drive, 8RS)
Marty Jennings scores
Steve Koch to second
Runner from 2nd tries for 3rd, SAFE, no throw
Batting: LHB Vicente Castaneda 0-0: Fielders Choice at 2nd, U6 (Groundball, 6M)
Top of the 7th over - 1 run, 3 hits, 0 errors, 2 left on base; Ellenburg 6 - Pennsauken 3
BOTTOM OF THE 7TH
Pennsauken Flyers batting - Pitching for Ellenburg Fighting Dachsunds : RHP Brad Cunnick
Batting: RHB Roy McFerran 0-0: Called Strike
0-1: Ball
1-1: Foul Ball, location: 2F
1-2: SINGLE (Groundball, 34D)
Batting: RHB Marc Beck 0-0: Ball
1-0: Foul Ball, location: 2F
1-1: Fly out, F9 (Flyball, 9S)
Batting: SHB Pedro Ortega 0-0: Ball
1-0: Ball
2-0: Fly out, F8 (Flyball, 89M)
Batting: SHB Nuygen Vuong 0-0: Ball
1-0: Ball
2-0: Foul Ball, location: 2F
2-1: Foul Ball, location: 2F
2-2: SINGLE (Line Drive, 7S)
Roy McFerran to second
Batting: RHB Enoch Reinhardt 0-0: Called Strike
0-1: Ball
1-1: Ball
2-1: Fly out, F8 (Flyball, 8RXD)
Bottom of the 7th over - 0 runs, 2 hits, 0 errors, 2 left on base; Ellenburg 6 - Pennsauken 3
TOP OF THE 8TH
Ellenburg Fighting Dachsunds batting - Pitching for Pennsauken Flyers : RHP Will O'Slattery
Batting: RHB José Vázquez 0-0: Ball
1-0: Ground out U3 (Groundball, 23)
Batting: RHB Gonzalo Sánchez 0-0: Fly out, F4 (Popup, 23)
Batting: RHB Meka Knight 0-0: Ball
1-0: Swinging Strike
1-1: Ground out 5-3 (Groundball, 56)
Top of the 8th over - 0 runs, 0 hits, 0 errors, 0 left on base; Ellenburg 6 - Pennsauken 3
BOTTOM OF THE 8TH
Pennsauken Flyers batting - Pitching for Ellenburg Fighting Dachsunds : RHP Brad Cunnick
Batting: LHB Vinski Prifti 0-0: Called Strike
0-1: SINGLE (Groundball, 34) (infield hit)
Batting: LHB Javier Antonio 0-0: Called Strike
0-1: Ball
1-1: Fly out, F9 (Flyball, 9LMF)
Batting: RHB Clarence Therrien 0-0: Grounds into double play, 6-4-3 (Groundball, 6M)
Bottom of the 8th over - 0 runs, 1 hit, 0 errors, 0 left on base; Ellenburg 6 - Pennsauken 3
TOP OF THE 9TH
Ellenburg Fighting Dachsunds batting - Pitching for Pennsauken Flyers : RHP Will O'Slattery
Batting: RHB Marty Jennings 0-0: Ball
1-0: Fly out, F9 (Flyball, 89D)
Batting: RHB Edwin Berns 0-0: Ground out 1-3 (Groundball, 13)
Batting: LHB Steve Ingram 0-0: Bunted foul
0-1: Ball
1-1: Called Strike
1-2: Ball
2-2: Foul Ball, location: 2F
2-2: Ball
3-2: Strikes out looking
Top of the 9th over - 0 runs, 0 hits, 0 errors, 0 left on base; Ellenburg 6 - Pennsauken 3
BOTTOM OF THE 9TH
Pennsauken Flyers batting - Pitching for Ellenburg Fighting Dachsunds : RHP Brad Cunnick
Pitching: LHP José Tovar
Batting: LHB Raúl Godines 0-0: Ball
1-0: Ground out 1-3 (Groundball, P)
Batting: RHB Roy McFerran 0-0: Called Strike
0-1: Swinging Strike
0-2: Ball
1-2: Foul Ball, location: 2F
1-2: Ball
2-2: Ball
3-2: Foul Ball, location: 2F
3-2: Foul Ball, location: 2F
3-2: Foul Ball, location: 2F
3-2: DOUBLE (Groundball, 5L)
Batting: RHB Marc Beck 0-0: Foul Ball, location: 2F
0-1: Swinging Strike
0-2: Strikes out swinging
Batting: SHB Pedro Ortega 0-0: Foul Ball, location: 2F
0-1: Ball
Wild Pitch!
Roy McFerran to third
1-1: Fly out, F7 (Flyball, 78D)
Bottom of the 9th over - 0 runs, 1 hit, 0 errors, 1 left on base; Ellenburg 6 - Pennsauken 3
Tuesday, December 19th, 2017 - OOTP Baseball 18.8 Build 76